 Dungeon Crawl Stone Soup version 0.20.1-1-g8b1a95d (webtiles) character file.

63 Timinator the Insei (level 3, -5/29 HPs)
             Began as a Vampire Monk on Sept 8, 2017.
             Slain by a worm (12 damage)
             ... on level 2 of the Dungeon.
             The game lasted 00:16:17 (1089 turns).

Timinator the Insei (Vampire Monk)                  Turns: 1089, Time: 00:16:18

Health: -5/29      AC:  3    Str: 10    XL:     3   Next: 87%
Magic:  3/3        EV: 14    Int: 12    God:
Gold:   118        SH:  0    Dex: 17    Spells: 2/2 levels left

rFire    . . .     SeeInvis +     - Unarmed
rCold    . . .     Gourm    .   (no shield)
rNeg     . . .     Faith    .   n - +0 robe
rPois    .         Spirit   .   (no helmet)
rElec    .         Reflect  .   (no cloak)
rCorr    .         Harm     .   (no gloves)
MR       .....                  e - +0 pair of boots
Stlth    ++........             (no amulet)
Regen    0.3/turn               r - ring of flight
MPRegen  0.1/turn               (no ring)

@: regenerating quickly
A: fangs 3, see invisible, unbreathing
a: Evoke Flight


You were on level 2 of the Dungeon.
You were full.

You visited 1 branch of the dungeon, and saw 2 of its levels.

You collected 118 gold pieces.

Inventory:

Missiles
 p - 2 throwing nets (quivered)
Armour
 a - a +0 robe
 e - a +0 pair of boots (worn)
 n - a +0 robe (worn)
Jewellery
 r - a ring of flight (left hand)
Scrolls
 f - a scroll of enchant armour {unknown}
 h - a scroll of identify
 i - a scroll of fog {unknown}
 k - 2 scrolls of amnesia {unknown}
 l - a scroll of immolation {unknown}
 q - a scroll of noise {unknown}
 s - a scroll of teleportation {unknown}
Potions
 b - 13 potions of blood
 c - 2 potions of ambrosia {unknown}
 d - a potion of curing {unknown}
 g - a potion of lignification {unknown}
 j - a potion of agility {unknown}
 m - a potion of might {unknown}
 o - 2 potions of magic {unknown}


   Skills:
 + Level 3.2 Fighting
 * Level 0.8 Armour
 - Level 3.4 Dodging
 - Level 3.1 Stealth
 + Level 4.4 Unarmed Combat


You had 2 spell levels left.
You didn't know any spells.

Dungeon Overview and Level Annotations

Branches:
Dungeon (2/15)

Altars:


Innate Abilities, Weirdness & Mutations

Your natural rate of healing is unusually fast.
You have razor-sharp teeth.
You have supernaturally acute eyesight. (SInv)
You can survive without breathing.


Message History

You completely miss the worm.
The worm is moderately wounded.
You completely miss the worm.
The worm is moderately wounded.
The worm bites you.
You barely miss the worm.
The worm is moderately wounded.
You hit the worm.
The worm is heavily wounded.
The worm bites you!
* * * LOW HITPOINT WARNING * * *
You hit the worm.
The worm is severely wounded.
You hit the worm.
The worm is severely wounded.
The worm barely misses you.
You hit the worm.
The worm is almost dead.
The worm bites you!
You die...

.#....#.###...#.......†......#
.#....#.# #.###..#.###.......#
...####.# #...#......'.).....#
#.......###...##.#...#.÷)..###
#.#...........#............###
#.#.#######%.....######......#
#....##........###....###..#.#
#....##.#####.##(............#
#....# ......#.@†..###......#
#.#.....#.##.##.#w....##.....#
#.#######.##.#[.#..$!..#.....#
#.# #.##.#÷.#.$##?.#.....#
#.##### #.##.#..#.$# .#..#..#
#.#...# #.##.#..#..$ #..#..#
#.#...###.##.##.##... ##.##.##
#.#...........#..######..#).#
#.............##........##.##


You could see a worm.

Vanquished Creatures
  An adder (D:2)
  2 dart slugs (D:2)
  2 leopard geckos (D:2)
  4 bats
  6 giant cockroaches
  6 goblins (D:2)
  4 hobgoblins
  2 jackals (D:1)
  7 frilled lizards
  6 kobolds
  5 rats
45 creatures vanquished.

Notes
Turn   | Place    | Note
-------+----------+-------------------------------------------
     0 | D:1      | Timinator the Vampire Monk began the quest for the Orb.
     0 | D:1      | Reached XP level 1. HP: 17/17 MP: 1/1
   142 | D:1      | Reached XP level 2. HP: 19/23 MP: 2/2
   766 | D:2      | Reached skill level 4 in Unarmed Combat
   768 | D:2      | Reached XP level 3. HP: 25/29 MP: 3/3
  1089 | D:2      | Slain by a worm

Skill      XL: |  1  2 |
---------------+-------+-----
Fighting       | 3 |  3.2
Unarmed Combat | 4 |  4.4
Armour         | |  0.8
Dodging        | |  3.4
Stealth        | |  3.1

Action                   || total
-------------------------++-------
Melee: Unarmed           ||   145
       Bite              ||    10
       Punch             ||     3
  Use: Scroll            ||     1
 Stab: Sleeping          ||     8
  Eat: Corpse            ||     7
Armor: Robe              ||    22
Dodge: Dodged            ||    71
